Cogmind - Beta 13 @@@ ROGUE MODE // 2024.04.14 @ 20:01:02 Player: iwantthegold Result: Self-destructed Performance ------------- Evolutions (1) 500 Regions Visited (2) 400 Robots Destroyed (11) 55 Value Destroyed (279) 279 Prototype IDs (0) 0 Alien Tech Used (0) 0 Bonus (0) 0 TOTAL SCORE: 1234 Bonus ------- None Cogmind --------- Core Integrity 12/400 Matter 204/350 Energy 31/100 System Corruption 6% Temperature Cool (23) Movement Walking (120) Location -9/Materials Parts ------- > --- POWER (1) -------- (None) > --- PROPULSION (3) --- Aluminum Leg Aluminum Leg > --- UTILITY (3) ------ Disposable Heat Sink Small Matter Pod > --- WEAPON (2) ------- Particle Gun > --- INVENTORY (5) ---- Hacking Suite Peak State ------------ > --- POWER ------------ Ion Engine > --- PROPULSION ------- Wheel Wheel Compact Wheel > --- UTILITY ---------- Small Storage Unit Small Matter Pod Terrain Scanner > --- WEAPON ----------- Particle Gun Spread Laser > --- INVENTORY -------- Light Ion Engine Aluminum Leg Aluminum Leg Compact Wheel Hacking Suite Particle Gun Assault Rifle [Rating: 12] Favorites ----------- Power Ion Engine Engine Ion Engine Propulsion Wheel Leg Aluminum Leg Wheel Wheel Utility Small Storage Unit Device Terrain Scanner Storage Small Storage Unit Weapon Medium Laser Energy Gun Medium Laser Ballistic Gun Light Assault Rifle Build | -11 -10 -9 ------- Run | Yrd Mat Mat Slots Evolved 2 | . . 2 Power . | . . . Propulsion 1 | . . 1 Utility 1 | . . 1 Weapon . | . . . Parts Attached 20 | 5 3 12 Power 2 | 1 . 1 Engine 2 | 1 . 1 Core . | . . . Reactor . | . . . Propulsion 8 | 3 . 5 Treads . | . . . Leg 3 | 1 . 2 Wheel 5 | 2 . 3 Hover . | . . . Flight . | . . . Utility 4 | 1 1 2 Device 2 | . . 2 Storage 2 | 1 1 . Processor . | . . . Hackware . | . . . Protection . | . . . Artifact . | . . . Weapon 6 | . 2 4 Energy Gun 4 | . 1 3 Energy Cannon . | . . . Ballistic Gun 2 | . 1 1 Ballistic Cannon . | . . . Launcher . | . . . Special Weapon . | . . . Impact Weapon . | . . . Slashing Weapon . | . . . Piercing Weapon . | . . . Special Melee Weapon . | . . . Unidentified Prototypes . | . . . Parts Lost 12 | . . 12 Power 2 | . . 2 Propulsion 5 | . . 5 Utility 2 | . . 2 Weapon 3 | . . 3 Highest Loss Streak 12 | . . 12 To Critical Strikes . | . . . Average Slot Usage (%) 94 | . 97 90 Engine 11 | . 14 8 Wheel 28 | . 28 29 Device 3 | . . 9 Storage 23 | . 25 21 Energy Gun 14 | . 14 15 Ballistic Gun 9 | . 14 3 Naked Turns . | . . . Heaviest Build 18 | 10 14 18 Greatest Support 36 | 26 26 36 Greatest Overweight (x) 1 | 1 . . Average Overweight (x) . | . . . Largest Inventory Capacity 8 | 8 8 8 Average Capacity 7 | 7 8 7 Most Carried 8 | 8 8 8 Average Carried 6 | 5 6 5 Final Capacity 8 | 8 8 5 Final Carried 8 | 8 7 1 Class Distribution -------------------- 100% | Mutant Dominant Class ---------------- Mutant | -10/Materials Mutant | -9/Materials Resources | -11 -10 -9 ----------- Run | Yrd Mat Mat Matter Collected 443 | 179 133 131 Remotely . | . . . Salvage Created 331 | . 64 267 Parts 24 | . 4 20 Haulers Intercepted . | . . . Recyclers Shooed 2 | . 1 1 Parts Field Recycled . | . . . Retrieved Matter . | . . . Parts Self-Destructed . | . . . Prevented . | . . . Kills | -11 -10 -9 ------- Run | Yrd Mat Mat Combat Hostiles Destroyed 7 | . 1 6 Guns 7 | . 1 6 Classes Destroyed 5 | . 2 3 Worker 1 | . 1 . Builder 1 | . . 1 Recycler 1 | . . 1 Operator 1 | . . 1 Grunt 7 | . 1 6 Best Kill Streak 8 | . 1 8 Combat Bots Only 3 | . 1 3 Max Kills in Single Turn 1 | . 1 1 Gunslinging . | . . . Exploded . | . . . Melee . | . . . Uniques/NPCs Destroyed . | . . . Combat | -11 -10 -9 -------- Run | Yrd Mat Mat Hostile Shots Fired 81 | . 3 78 Missed 7 | . . 7 Damage Taken 1070 | . 35 1035 Core 388 | . . 388 Absorbed by Shields . | . . . Core Remaining (%) 100 | 100 100 . Volleys Fired 41 | . 9 32 Largest 2 | . 2 2 Hottest 130 | . 70 130 Shots Fired 77 | . 18 59 Gun 77 | . 18 59 Cannon . | . . . Launcher . | . . . Special . | . . . Kinetic 16 | . 9 7 Thermal 61 | . 9 52 Explosive . | . . . Electromagnetic . | . . . Robot Hit Streak 6 | . 5 6 Robot Miss Streak 5 | . 3 5 Penetration Max . | . . . Secondary Targets . | . . . Shots Hit Robots 49 | . 9 40 Core Hits 42 | . 5 37 Critical Kills . | . . . Critical Parts Destroyed . | . . . Critical Strikes . | . . . Melee Attacks . | . . . Impact . | . . . Slashing . | . . . Piercing . | . . . Sneak Attacks . | . . . Combat Hostiles . | . . . Follow-up Attacks . | . . . Damage Inflicted 708 | . 104 604 Guns 708 | . 104 604 Cannons . | . . . Explosions . | . . . Melee . | . . . Ramming . | . . . Kinetic 110 | . 42 68 Thermal 598 | . 62 536 Explosive . | . . . Electromagnetic . | . . . Impact . | . . . Slashing . | . . . Piercing . | . . . Highest Corruption 6 | . . 6 Average Corruption 5 | . . 5 Corruption Purged . | . . . Corruption Blocked . | . . . Overload Shots . | . . . Overflow Damage . | . . . Projectiles . | . . . Explosions . | . . . Melee . | . . . Knockbacks . | . . . Impact . | . . . Kinetic . | . . . Secondary . | . . . Self-Inflicted Damage . | . . . Shots . | . . . Rammed 1 | . . 1 Targets Rammed 1 | . . 1 Kicked . | . . . Crushed . | . . . Highest Temperature 626 | . 70 626 Average Temperature 273 | . 32 320 Received Heat Transfer 507 | . 18 489 Effects 42 | . . 42 Shutdowns 3 | . . 3 Energy Bleed 5 | . . 5 Interference 8 | . . 8 Matter Decay 3 | . . 3 Short Circuit 4 | . . 4 Damage (minor) 4 | . . 4 Damage (major) 13 | . . 13 Damage (core) 2 | . . 2 Siege Activations . | . . . Robots Corrupted . | . . . Combat Hostiles . | . . . Parts Fried . | . . . Impact Corruptions . | . . . Robots Melted . | . . . Combat Hostiles . | . . . Parts Melted 2 | . . 2 Heat Transferred 1069 | . 185 884 Parts Sabotaged . | . . . Parts Stolen . | . . . Parts Stripped . | . . . Power Chain Reactions . | . . . Alert | -11 -10 -9 ------- Run | Yrd Mat Mat Peak Influence 197 | . 65 197 Initial 27 | . . 27 Average 67 | . 45 114 Maximum Alert Level . | . . . Low Security (%) 100 | 100 100 100 Level 1 . | . . . Level 2 . | . . . Level 3 . | . . . Level 4 . | . . . Level 5 . | . . . High Security . | . . . Max Security . | . . . Squads Dispatched 3 | . 1 2 Investigation . | . . . Extermination . | . . . Reinforcement 3 | . 1 2 Assault . | . . . Garrison . | . . . Intercept . | . . . Searches Triggered . | . . . Construction Impeded . | . . . Haulers Reinforced . | . . . Active Scanning Responses . | . . . Cargo Convoy Interrupts . | . . . Stealth | -11 -10 -9 --------- Run | Yrd Mat Mat Distress Signals 1 | . . 1 Communications Jammed . | . . . Distress Signals . | . . . Times Spotted 25 | . 6 19 Peak Tracking Total 8 | . 3 8 Tactical Retreats . | . . . Traps | -11 -10 -9 ------- Run | Yrd Mat Mat Traps Triggered . | . . . Indirectly . | . . . Trap Hack Attempts . | . . . Triggered . | . . . Disarmed . | . . . Reprogrammed . | . . . Reused . | . . . Traps Extracted . | . . . Installed . | . . . Triggered . | . . . Machines | -11 -10 -9 ---------- Run | Yrd Mat Mat Machines Disabled . | . . . Max in Single Turn . | . . . Machines Repaired . | . . . Machines Dismantled . | . . . Machines Sabotaged . | . . . Overloaded Fab Kills . | . . . Hacking | -11 -10 -9 --------- Run | Yrd Mat Mat Machines Accessed 2 | . 2 . Terminals 2 | . 2 . Fabricators . | . . . Repair Stations . | . . . Recycling Units . | . . . Scanalyzers . | . . . Garrison Access . | . . . Total Hacks 4 | . 4 . Successful 2 | . 2 . Failed 2 | . 2 . Catastrophic 1 | . 1 . Database Lockouts . | . . . Manual 3 | . 3 . Terminals 4 | . 4 . Fabricators . | . . . Repair Stations . | . . . Recycling Units . | . . . Scanalyzers . | . . . Garrison Access . | . . . Terminal Hacks 1 | . 1 . Emergency Access Points 1 | . 1 . Fabricator Hacks . | . . . Repair Station Hacks . | . . . Recycling Unit Hacks . | . . . Scanalyzer . | . . . Garrison Access Hacks . | . . . Unauthorized Hacks 1 | . 1 . Terminals 1 | . 1 . Botnet 1 | . 1 . Fabricators . | . . . Repair Stations . | . . . Recycling Units . | . . . Scanalyzers . | . . . Garrison Access . | . . . Data Cores Recovered . | . . . Used . | . . . Hacking Detections 1 | . 1 . Full Trace Events 1 | . 1 . Feedback Events . | . . . Feedback Blocked . | . . . Robot Schematics Acquired . | . . . Robots Built . | . . . Authchips . | . . . Time . | . . . Total Robot Build Rating . | . . . Part Schematics Acquired . | . . . Parts Built . | . . . Authchips . | . . . Time . | . . . Total Part Build Rating . | . . . Parts Repaired . | . . . Time . | . . . Parts Recycled . | . . . Recycled Matter . | . . . Retrieved Matter . | . . . Retrieved Components . | . . . Parts Scanalyzed . | . . . Part Schematics Acquired . | . . . Parts Damaged . | . . . Bothacking | -11 -10 -9 ------------ Run | Yrd Mat Mat Used RIF Installer . | . . . Robots Hacked . | . . . Non-combat . | . . . Combat . | . . . Robot Hacks Applied . | . . . Relay Couplers Released . | . . . Fabnet Peak Effective % . | . . . Robots Rewired . | . . . Allies Hacked . | . . . Hacks Repelled . | . . . Allies | -11 -10 -9 -------- Run | Yrd Mat Mat Total Allies . | . . . Largest Group . | . . . Highest-Rated Group . | . . . Highest-Rated Ally . | . . . Total Orders . | . . . Ally Attacks . | . . . Total Damage . | . . . Kills . | . . . Allies Corrupted . | . . . Allies Melted . | . . . Intel | -11 -10 -9 ------- Run | Yrd Mat Mat Robot Analysis Total . | . . . Derelict Logs Recovered . | . . . Drone Launches . | . . . Drone Recoveries . | . . . Exploration | -11 -10 -9 ------------- Run | Yrd Mat Mat Turns Passed 555 | 56 284 215 Spaces Moved 334 | 46 206 82 Core 3 | 3 . . Treads . | . . . Legs 10 | . . 10 Wheels 321 | 43 206 72 Hover . | . . . Flight . | . . . Fastest Speed 50 | 50 90 80 Average Speed 89 | 88 90 89 Slowest Speed 120 | 100 90 120 Overloaded Moves . | . . . Propulsion Burnouts . | . . . Robots Hopped . | . . . Cave-ins Triggered . | . . . Exploration Rate (%) 19 | 3 46 10 Regions Visited 2 Branch Regions . Pre-discovered Areas . | . . . Known Exits Taken . | . . . Unknown Exits Taken 2 | 1 1 . Scrap Searched . | . . . Spaces Dug . | . . . Terrain Destroyed . | . . . Melee . | . . . Projectile . | . . . AOE . | . . . Terrain Rammed . | . . . Walls Destroyed . | . . . Machines Disabled . | . . . Actions | -11 -10 -9 --------- Run | Yrd Mat Mat Total 511 | 58 288 165 Wait 97 | . 66 31 Move 332 | 45 205 82 Hop . | . . . Pick Up 14 | 7 3 4 Fast Attach 9 | 5 1 3 Attach 11 | . 2 9 Detach 1 | 1 . . Swap . | . . . Drop 5 | . 2 3 Fire 41 | . 9 32 Melee . | . . . Ram 1 | . . 1 Kick . | . . . Crush . | . . . Escape Stasis . | . . . Rewire . | . . . Trap . | . . . Miscellaneous . | . . . Route ------- -11/Scrapyard -10/Materials -9/Materials History --------- Turn | Location | Event 15 | -11/Scrapyard | Discovered new exit (range 16) 57 | -11/Scrapyard | Entered Materials 301 | -10/Materials | Build established: Mutant 329 | -10/Materials | Discovered new exit (range 10) 341 | -10/Materials | Entered another Materials area 341 | -9/Materials | Evolved 2 slots: Propulsion x1, Utility x1 519 | -9/Materials | Core integrity fell below 50% 527 | -9/Materials | Core integrity fell below 20% 556 | -9/Materials | Self-destructed Last Messages --------------- 00529_ Overheating: Com. Wheel damaged (-7). 00529_ Overheating: Wheel damaged (-3). 00529_ Terrain Scanner destroyed. 00529_ Com. Wheel destroyed. 00529_ System corrupted by crushing effect (+3). 00529_ System corrupted by crushing effect (+1). 00530_ Overheating: Sml. Storage Unit damaged (-18). 00530_ Acquired 30 matter. 00530_ Spread Laser destroyed. 00534_ Overheating: Wheel damaged (-1). 00535_ Overheating: Sml. Matter Pod damaged (-1). 00535_ Overheating: Aluminum Leg damaged (-59). 00538_ K-01 Serf collects debris. 00539_ Overheating: Energy bleed (-3). 00540_ K-01 Serf collects debris. 00541_ Overheating: System interference. 00541_ Particle Gun temporarily disabled. 00546_ Sml. Storage Unit destroyed. 00554_ Wheel destroyed. 00554_ Acquired Disposable Heat Sink. Map ----- +----------------------------------------------------+ | | | | | | | | | | | ?????????????????????????????????????????????????? | | ?????????????????????????????????????????????????? | | ???????????????????##########????????????????????? | | ???????????????????# #????????????????????? | | ???????????????????# """ #????????????????????? | | ????????????????#??# """ #????????????????????? | | ???????????????????# """ #????????????????????? | | ???????????????#???# #????????????????????? | | ???????????????????# """ #????????????????????? | | ???????????????????# """ #????????????????????? | | ???????????????????# """ #????????????????????? | | ???????????????????# #?#???? ?????????????? | | ???????????#############+#########????/#######???? | | ???????????# #??? ???? | | ???????????# #### ????? | | ???????????# """?????? | | ???????????####+##### """??????? | | ????????????# ## [[ a """??????? | | ????????????# """ ## [ """"?????? | | ????????????# """ ## k """ ???? | | ????????????# """ ## @] #?? | | ????????????# ## gg] #?? | | ????????????# ## b[ %% a """ ??? | | ???#????????######### #######+##### """"?????? | | ????????????????????# g##= % # """??????? | | ????????????????????# ##= """ = #? ""???????? | | ????????????????????# ## """ "" #?? "???????? | | ????????????????????#l ##% """ T" #??? ??????? | | ????????????????????# / | "" #???? ?????? | | ????????????????????# ## #???? ?????? | | ????????????????????# #############??????? ????? | | ????????????????????# #????#???????????????????? | | ????????????????????# #?????? ?????????? ??????? | | ??????????????????? #?#?#?????? ?????????????? | | ?????????????????? #????????"???????????????? | | ????????????????? #?????????????? ?????????? | | ???????????????? #????? ??????? ??????????? | | ??????????????? #????????????????????????? | | ????????????? ########????????????????????????? | | ???????????? ????????????????????????????????? | | ???????????? ?????????????????????????????????? | | ???????????? ??????????????????????????????????? | | ?????????????????????????????????????????????????? | | ?????????????????????????????????????????????????? | | ?????????????????????????????????????????????????? | +----------------------------------------------------+ Best States ------------- Heat Dissipation 28 Energy Generation 10 Energy Capacity 250 Matter Stores 350 Matter Capacity 350 Sight Range 16 Terrain Scan Range 14 Terrain Scan Density 10 Evasion (%) 50 Item Schematics ----------------- None Robot Schematics ------------------ None Fabricated ------------ Nothing Alien Tech Used ----------------- None Achievements -------------- None Challenges ------------ None Game ------ Seed RegenerativeLaserLattice Manual? 0 Play Time 00:09:03 Cumulative 21.9 hours Start 2024.04.14 @ 19:52:53 End 2024.04.14 @ 20:01:02 Sessions 1 Manual Loads 0 Difficulty Rogue Special Mode None Game No. 30 Rogue 30 Adventurer 0 Explorer 0 Win Type - Total 0 Types 0/0/0/0/0/0/0/0/0 Lore% 7 Gallery% 23 Achievement% 16 Wizard Run 0 Options --------- Layout 1 ASCII 0 Keyboard 0 Movement Mouse Keybinds 0 Fullscreen 1 Font 18/SmallcapsGlow Map View 54x44 Zoom Use 0% Tactical HUD 1 Map Filters NONE Filters NONE Steam 0 RUN: 9c8d690c-b499-405a-b947-3eb956d920e9